 Dungeon Crawl Stone Soup version 0.28-a0-1339-ga5422284a4 (webtiles) character file.

Game seed: 237016993924164402

410 vivovinco the Stinger (level 6, -3/24 HPs)
             Began as a Felid Venom Mage on Dec 29, 2021.
             Slain by an ogre (27 damage)
             ... on level 5 of the Dungeon.
             The game lasted 00:31:04 (7645 turns).

vivovinco the Stinger (Felid Venom Mage)            Turns: 7645, Time: 00:31:05

Health: -3/24      AC:  2    Str:  4    XL:     6   Next: 58%
Magic:  8/13       EV: 18    Int: 18    God:
Gold:   193        SH:  0    Dex: 17    Spells: 4/14 levels left
                                        Lives:  0   Deaths: 1

rFire   . . .      SeeInvis +   (weapon unavailable)
rCold   . . .      Faith    .   (shield unavailable)
rNeg    + . .      Spirit   .   (armour unavailable)
rPois   .          Reflect  .   (helmet unavailable)
rElec   .          Harm     .   (cloak unavailable)
rCorr   .          Rampage  .   (gloves unavailable)
Will    .....                   (boots unavailable)
Stlth   +++.......              (no amulet)
HPRegen 0.08/turn               f - ring of positive energy
MPRegen 0.13/turn               (no ring)

@: quick
A: very small, claws 1, fangs 3, see invisible, speed 1, shaggy fur 2, stealthy
paws, no weapons or thrown items, no armour, multi-lived
a: no special abilities


You were on level 5 of the Dungeon.
You visited 1 branch of the dungeon, and saw 5 of its levels.

You collected 193 gold pieces.

Inventory:

Jewellery
 f - a ring of positive energy (left paw)
 k - a ring of poison resistance
Wands
 h - a wand of acid (5)
Scrolls
 a - 7 scrolls of identify {unknown}
 b - 2 scrolls of teleportation {unknown}
 c - 2 scrolls of immolation {unknown}
 e - a scroll of acquirement {unknown}
 i - 2 scrolls of blinking {unknown}
 j - a scroll of noise {unknown}
Potions
 d - a potion of cancellation {unknown}
 g - 2 potions of ambrosia {unknown}


   Skills:
 + Level 3.6 Dodging
 + Level 4.0 Stealth
 + Level 4.6 Spellcasting
 * Level 1.4 Conjurations
 - Level 2.7 Transmutations
 + Level 1.3 Air Magic
 + Level 4.7 Poison Magic


You had 4 spell levels left.
You knew the following spells:

 Your Spells              Type           Power      Damage    Failure   Level
a - Sting                 Tmut/Pois      68%        1d6       3%          1
b - Poisonous Vapours     Pois/Air       30%        N/A       6%          2
c - Mephitic Cloud        Conj/Pois/Air  13%        N/A       14%         3
d - Olgreb's Toxic Radia  Pois           21%        N/A       21%         4

Your spell library contained the following spells:

 Spells                   Type           Power      Damage    Failure   Level
 Wereblood                Tmut           14%        N/A       7%          2
 Magic Dart               Conj           36%        1d4       8%          1
 Call Imp                 Summ           4%         N/A       22%         2
 Sublimation of Blood     Necr           4%         N/A       22%         2
 Summon Hydra             Summ           2%         N/A       100%        7


Dungeon Overview and Level Annotations

Branches:
Dungeon (5/15)
 Temple: D:4-7

Altars:

Shops:
D:1 =

Annotations:
D:3 1 runed translucent door, 12572944's ghost, amateur DjFE


Innate Abilities, Weirdness & Mutations

You have sharp claws.
You have razor-sharp teeth.
You have supernaturally acute eyesight. (SInv)
You cover ground quickly. (Speed+)
You are covered in thick fur. (AC +2)
Your paws help you pounce on unaware monsters.
You are incapable of wielding weapons or throwing items.
You cannot wear armour.
You gain extra lives every three experience levels.


Message History

The orc priest is engulfed in noxious fumes.
The orc priest appears confused.
The orc priest gestures wildly.
Casting: Sting (safe; 3% risk of failure)
Confirm with . or Enter, or press ? or * to list all spells.
Aiming: Poisonous Vapours (safe; 6% risk of failure)
Press: ? - help, Dir - move target, f/p - orc priest
Aim: an orc priest, wielding a +0 club (heavily wounded, confused, poisoned) Poisonous vapours surround the orc priest!
The orc priest looks even sicker.
Aiming: Sting (safe; 3% risk of failure)
Press: ? - help, Q - select action, (/) - cycle Shift-Dir - straight line, f/p - orc priest
Aim: an orc priest, wielding a +0 club (heavily wounded, confused, very poisoned, 91% to hit)
The sting hits the orc priest.
The orc priest looks even sicker.
The orc priest is almost dead.
You kill the orc priest!
You start resting.
Magic restored.
An ogre comes into view. It is wielding a +0 giant club.
Casting: Sting (safe; 3% risk of failure)
Confirm with . or Enter, or press ? or * to list all spells.
Aiming: Poisonous Vapours (safe; 6% risk of failure)
Press: ? - help, Dir - move target, f - ogre
Aim: an ogre, wielding a +0 giant club Poisonous vapours surround the ogre!
The ogre is poisoned.
Casting: Poisonous Vapours (safe; 6% risk of failure)
Confirm with . or Enter, or press ? or * to list all spells.
Aiming: Poisonous Vapours (safe; 6% risk of failure)
Press: ? - help, Dir - move target, f/p - ogre
Aim: an ogre, wielding a +0 giant club (poisoned) Poisonous vapours surround the ogre!
The ogre looks even sicker.
Aiming: Sting (safe; 3% risk of failure)
Press: ? - help, Q - select action, (/) - cycle Shift-Dir - straight line, f/p - ogre
Aim: an ogre, wielding a +0 giant club (lightly wounded, very poisoned, 88% to hit)
The sting hits the ogre.
The ogre looks even sicker.
The ogre is moderately wounded.
The ogre enters a dispersal trap!
You blink.
The ogre blinks!
The ogre hits you with a +0 giant club!!
Ouch! That really hurt!
You die...

#.....#.###.....###..
######.......##.....###...
#............#.....###....
#.#######'##.#....###.....
#.#.....#.##.'...###.....#
#.#.#.§.#....#..######'###
##.#.#.#.####.#.###.#.....#
#....#)#.O.#..####..#..(..#
#..###.#..@#..###...'...(.+
#..# .#...#..##....#..[..#
#..# ......#..#.....#..)..#
#..#.#.###.#..#....####'###
####..# #. #.#..'.†.## ....
#<....# # ..#..#..## ...##
#####)#.#######..#.## ..##
#.#....).)...### ##
#.##########)##


You could see an ogre (very poisoned).

Vanquished Creatures
  3 ogres
  A water moccasin skeleton (D:5)
  A vampire bat (D:3)
  An orc priest (D:5)
  An iguana (D:5)
  2 orc wizards
  A hound skeleton (D:4)
  Robin (D:2)
  5 adders
  A worm (D:2)
  2 dart slugs
  4 orcs
  12 ball pythons
  10 bats
  5 endoplasms
  4 giant cockroaches
  12 goblins
  10 hobgoblins
  7 jackals
  12 kobolds
  5 quokkas
  2 frilled lizards
  6 rats
108 creatures vanquished.

Vanquished Creatures (others)
  2 withered plants (D:3)
2 creatures vanquished.

Grand Total: 110 creatures vanquished

Notes
Turn   | Place    | Note
-------+----------+-------------------------------------------
     0 | D:1      | vivovinco the Felid Venom Mage began the quest for the Orb.
     0 | D:1      | Reached XP level 1. HP: 7/7 MP: 4/4
   417 | D:1      | Found a faded altar of an unknown god.
   428 | D:2      | Reached XP level 2. HP: 11/11 MP: 6/6
   433 | D:1      | Learned a level 2 spell: Poisonous Vapours
   618 | D:1      | Found Ikukhir's Jewellery Boutique.
  1514 | D:2      | Reached XP level 3. HP: 14/14 MP: 1/7
  1593 | D:2      | Noticed Robin
  1807 | D:2      | Killed Robin
  2442 | D:2      | Reached XP level 4. HP: 18/18 MP: 1/8
  3076 | D:3      | Noticed an ogre
  3233 | D:3      | Found a runed translucent door.
  3233 | D:3      | Noticed 12572944's ghost (amateur DjFE)
  3812 | D:3      | Killed an ogre
  3813 | D:3      | Reached skill level 1 in Air Magic
  3813 | D:3      | Reached XP level 5. HP: 21/21 MP: 3/10
  5118 | D:4      | Gained mutation: You are covered in thick fur. (AC +2)
                  | [Felid growth]
  5118 | D:4      | Reached XP level 6. HP: 17/24 MP: 12/12
  5122 | D:4      | Learned a level 3 spell: Mephitic Cloud
  5127 | D:4      | Learned a level 4 spell: Olgreb's Toxic Radiance
  5655 | D:5      | Entered Level 5 of the Dungeon
  6278 | D:5      | Noticed a water moccasin
  7095 | D:4      | HP: 1/24 [cloud of noxious fumes (1)]
  7096 | D:5      | Fell down a flight of stairs
  7097 | D:5      | Reached XP level 5. HP: 0/21 MP: 10/12
  7107 | D:5      | Noticed an ogre
  7138 | D:5      | Killed an ogre
  7139 | D:5      | Reached skill level 1 in Conjurations
  7139 | D:5      | Reached XP level 6. HP: 24/24 MP: 4/13
  7645 | D:5      | Slain by an ogre

Illustrated notes

Levels and vault maps discovered:
D:1:      minmay_arrival_radiant_lines, layout_basic, serial_shops,
          nicolae_shop_advertising_works [nicolae_subvault_shop_adworks],
          chequers_ecumenical_altar_simple_redux
D:2:      layout_loops_ring, minmay_misc_feat_rugged, grunt_ministairs_2,
          uniq_robin
D:3:      layout_basic, gammafunk_ghost_grave, grunt_decor_mini_mirrors,
          roderic_batcave
D:4:      layout_basic
D:5:      layout_basic, serial_shops, shop, minmay_misc_feat_alley,
          nrook_campfire, minmay_quadrilaterals, uniq_eustachio

Skill      XL: |  1  2  3  4  5  6 |
---------------+-------------------+-----
Poison Magic   | 3 4 |  4.7
Stealth        | 3 4 |  4.0
Dodging        | 3 |  3.6
Transmutations | 2 |  2.7
Spellcasting   | 3 4 |  4.6
Air Magic      | 1 |  1.3
Conjurations   | 1 |  1.4

Action                   |  1- 3 |  4- 6 || total
-------------------------+-------+-------++-------
Melee: Unarmed           |    39 |    93 ||   132
       Bite              |     4 |     7 ||    11
 Cast: Sting             |    46 |    92 ||   138
       Poisonous Vapours |    23 |    48 ||    71
       Mephitic Cloud    |       |    11 ||    11
 Stab: Sleeping          |     6 |     4 ||    10
Armor: Skin              |     3 |     6 ||     9
Dodge: Dodged            |    42 |   120 ||   162

Table legend: (Time is in decaauts)
 A = Elapsed time spent in this place.
 B = Non-inter-level travel time spent in this place.
 C = Inter-level travel time spent in this place.
 D = Time resting spent in this place.
 E = Time spent auto-exploring this place.
 F = Levels seen in this place.
 G = Mean time per level.
                   A        B        C        D        E       F      G
               +--------+--------+--------+--------+--------+-----+--------+
         Total |   7027 |   6830 |    197 |   2828 |   2730 |   5 | 1405.4 |
       Dungeon |   7027 |   6830 |    197 |   2828 |   2730 |   5 | 1405.4 |
               +--------+--------+--------+--------+--------+-----+--------+

Top non-repeatable levels by time:
     D:4: 1881 daAuts
     D:3: 1857 daAuts
     D:2: 1391 daAuts
     D:1: 1337 daAuts
     D:5: 559 daAuts
